 Seeded DCSS version 0.31-a0-1-g4198be8af4 (webtiles) character file.

Game seed: 548224908236487523 (custom seed)

690 Pimp the Ducker (level 7, 0/55 HPs)
             Began as a Merfolk Gladiator on May 2, 2023.
             Killed from afar by Pikel (12 damage)
             ... with a bolt of acid
             ... on level 5 of the Dungeon.
             The game lasted 00:05:47 (3790 turns).

Pimp the Ducker (Merfolk Gladiator)                 Turns: 3790, Time: 00:05:47

Health: 0/55       AC:  7    Str: 17    XL:     7   Next: 63%
Magic:  7/7        EV: 10    Int:  7    God:
Gold:   192        SH:  0    Dex: 15    Spells: 6/6 levels left

rFire   + . .        x - +8 lance "Wyrmbane" {slay drac, rPois rF+ rC+ AC+3}
rCold   + . .        (no shield)
rNeg    . . .        q - +0 chain mail
rPois   +            c - +0 helmet
rElec   .            j - +0 cloak
rCorr   .            (no gloves)
SInv    .            s - +0 pair of boots
Will    .....        (no amulet) Stlth
                     (no ring)
HPRegen 0.29/turn    (no ring)
MPRegen 0.10/turn

%: no passive effects
@: corroded
A: (nimble swimmer 2), mertail
a: no special abilities


You were on level 5 of the Dungeon.
You visited 1 branch of the dungeon, and saw 5 of its levels.

You collected 300 gold pieces.
You spent 108 gold pieces at shops.

Inventory:

Hand Weapons
 a - a +0 trident
 x - the +8 lance "Wyrmbane" (weapon) {slay drac, rPois rF+ rC+ AC+3}
   (You found it on level 3 of the Dungeon)

   AC:        It affects your AC (+3).
   rF:        It protects you from fire.
   rC:        It protects you from cold.
   rPois:     It protects you from poison.
Missiles
 d - 2 throwing nets (quivered)
 e - a javelin
Armour
 b - a +0 leather armour
 c - a +0 helmet (worn)
 j - a +0 cloak (worn)
 q - a +0 chain mail (worn)
 s - a +0 pair of boots (worn)
Jewellery
 t - a ring of ice
Scrolls
 f - 7 scrolls of identify {unknown}
 g - a scroll of blinking {unknown}
 m - a scroll of magic mapping {unknown}
 r - a scroll of fog {unknown}
 u - 2 scrolls of fear
 v - 2 scrolls of noise {unknown}
 w - 2 scrolls of enchant armour {unknown}
 y - a scroll of poison {unknown}
 B - a scroll of vulnerability {unknown}
Potions
 h - a potion of magic {unknown}
 i - 2 potions of haste {unknown}
 k - a potion of ambrosia {unknown}
 l - 2 potions of curing {unknown}
 n - 2 potions of heal wounds
 o - 2 potions of flight {unknown}
 p - a potion of mutation {unknown}
 z - a potion of brilliance {unknown}
 A - 2 potions of degeneration {unknown}
 C - a potion of invisibility {unknown}


   Skills:
 + Level 4.5 Fighting
 + Level 6.2 Polearms
 + Level 4.1 Throwing
 + Level 2.3 Armour
 + Level 6.2 Dodging


You had 6 spell levels left.
You didn't know any spells.
Your spell library contained the following spells:

 Spells                   Type           Power      Damage    Failure   Level
 Blink                    Tloc           0%         N/A       100%        2
 Lesser Beckoning         Tloc           0%         N/A       100%        2
 Momentum Strike          Conj/Tloc      0%         3d8       100%        2


Dungeon Overview and Level Annotations

Branches:
Dungeon (5/15)
 Temple: D:4-7

Altars:
Xom

Shops:
D:4 *

Annotations:
D:5 Pikel


Innate Abilities, Weirdness & Mutations

((You are very nimble when in or above water. (Stealth+, EV+, Speed+++)))
Your lower body shifts to a powerful aquatic tail in water.


Message History

There is a stone staircase leading up here.
The lemure hits you but does no damage.
You miss the lemure. The lemure hits you but does no damage.
You puncture the lemure!
The lemure is heavily wounded.
The lemure barely misses you. The lemure attacks as you move away!
The lemure hits you.
You puncture the lemure!
The lemure is almost dead.
The lemure hits you but does no damage.
Pikel zaps a wand.
The bolt of acid hits you! The acid corrodes you! The lemure misses you.
You see here a scorpion corpse.
The lemure attacks as you move away! The lemure misses you.
Pikel hits you with a +0 whip of flaming!
Pikel burns you.
You see here a +0 leather armour.
You puncture Pikel!
Pikel is moderately wounded.
Pikel completely misses you. The lemure hits you.
You hit Pikel but do no damage.
Pikel is moderately wounded.
You hit Pikel but do no damage.
Pikel is moderately wounded.
The lemure hits you.
Pikel hits you with a +0 whip of flaming.
Unknown command.
You hit Pikel.
Pikel is moderately wounded.
Pikel barely misses you. The lemure hits you but does no damage.
You closely miss Pikel.
Pikel is moderately wounded.
The lemure hits you!
A lemure comes into view.
Pikel zaps a wand.
The bolt of acid hits you.
* * * LOW HITPOINT WARNING * * *
The acid corrodes you! The lemure attacks as you move away!
The lemure hits you.
* * * LOW HITPOINT WARNING * * *
Pikel zaps a wand.
The bolt of acid hits you!
You die...

#....... #...... ##.
..... . .. ... .. #.
#. #.####..#. ..
#.###.........
#.#.....(#...##
#.#....5#5###..###
#.......K.@.......
...#####...#########
.........##...###..
...####..#.....#.##
#.5.#...#...#
#...#####...#
#...#...#...# .#
#..#....)#.###.#
#..##...###...##


You could see Pikel and 2 lemures.

Vanquished Creatures
  A black bear (D:4)
  An ice beast (D:4)
  An ogre (D:4)
  A scorpion (D:5)
  A jelly (D:4)
  A hound (D:5)
  An orc priest (D:3)
  2 iguanas (D:4)
  8 gnolls
  4 adders
  5 worms
  2 dart slugs
  12 orcs
  3 bats
  10 endoplasms
  2 giant cockroaches (D:2)
  10 goblins
  11 hobgoblins
  3 jackals (D:1)
  5 kobolds
  2 quokkas
  7 ball pythons
  2 frilled lizards (D:1)
  4 rats
99 creatures vanquished.

Vanquished Creatures (others)
  4 plants (D:3)
4 creatures vanquished.

Grand Total: 103 creatures vanquished

Notes
Turn   | Place    | Note
-------+----------+-------------------------------------------
     0 | D:1      | Pimp the Merfolk Gladiator began the quest for the Orb.
     0 | D:1      | Reached XP level 1. HP: 16/16 MP: 1/1
   154 | D:1      | Reached XP level 2. HP: 8/23 MP: 2/2
   752 | D:2      | Found a faded altar of an unknown god.
   777 | D:2      | Reached XP level 3. HP: 28/28 MP: 3/3
  1252 | D:2      | Reached XP level 4. HP: 31/34 MP: 4/4
  2160 | D:3      | Reached skill level 1 in Armour
  2160 | D:3      | Reached XP level 5. HP: 40/41 MP: 5/5
  2169 | D:3      | Reached skill level 5 in Polearms
  2182 | D:3      | Reached skill level 5 in Dodging
  2344 | D:3      | Found the +8 lance "Wyrmbane" {slay drac, rPois rF+ rC+
                  | AC+3}
  2418 | D:3      | Found a shimmering altar of Xom.
  2679 | D:3      | Reached XP level 6. HP: 47/47 MP: 6/6
  3436 | D:4      | Noticed a black bear
  3445 | D:4      | Killed a black bear
  3446 | D:4      | Reached XP level 7. HP: 54/54 MP: 7/7
  3608 | D:4      | Found Wiajugh's General Store.
  3611 | D:4      | Bought a potion of heal wounds for 60 gold pieces
  3611 | D:4      | Bought a scroll of fear for 48 gold pieces
  3658 | D:5      | Entered Level 5 of the Dungeon
  3757 | D:5      | Noticed Pikel
  3790 | D:5      | Killed from afar by Pikel

Illustrated notes

Levels and vault maps discovered:
D:1:      evilmike_arrival_rings, layout_rooms, serial_glass, glass_columns_c,
          glass_columns_a, glass_columns_a, glass_columns_a
D:2:      layout_loops_corners, shapermc_ecumenical_altar_totnotflames
D:3:      corexii_shack_village, layout_loops_ring, amcnicky_altar_gilded,
          st_stairs_13, chequers_serial_rivers_room_a
D:4:      minmay_angry_zag, layout_rooms, serial_shops, kennysheep_mini
D:5:      nicolae_cairo_tiling, layout_basic, nemelex_altar_shiori,
          temple_statues, minmay_misc_feat_tiny, uniq_pikel

Skill      XL: |  1  2  3  4  5  6  7 |
---------------+----------------------+-----
Fighting       | 3 4 |  4.5
Armour         | 1 2 |  2.3
Polearms       | 5 6 |  6.2
Throwing       | 3 4 |  4.1
Dodging        | 5 6 |  6.2

Action                     |  1- 3 |  4- 6 |  7- 9 || total
---------------------------+-------+-------+-------++-------
  Melee: Trident           |   107 |   101 |       ||   208
         Lance             |       |    65 |    43 ||   108
         Punch             |       |     2 |       ||     2
  Throw: Throwing net      |       |     1 |       ||     1
   Stab: Sleeping          |     3 |       |       ||     3
         Held in net/web   |       |     1 |       ||     1
 Armour: Leather armour    |    38 |     6 |       ||    44
         Chain mail        |       |    73 |    19 ||    92
  Dodge: Dodged            |    93 |    83 |    12 ||   188

Table legend: (Time is in decaauts)
 A = Elapsed time spent in this place.
 B = Non-inter-level travel time spent in this place.
 C = Inter-level travel time spent in this place.
 D = Time resting spent in this place.
 E = Time spent auto-exploring this place.
 F = Levels seen in this place.
 G = Mean time per level.
                   A        B        C        D        E       F      G
               +--------+--------+--------+--------+--------+-----+--------+
         Total |   3788 |   3596 |    192 |    534 |   2166 |   5 |  757.6 |
       Dungeon |   3788 |   3596 |    192 |    534 |   2166 |   5 |  757.6 |
               +--------+--------+--------+--------+--------+-----+--------+

Top non-repeatable levels by time:
     D:2: 1134 daAuts
     D:3: 1095 daAuts
     D:1: 764 daAuts
     D:4: 671 daAuts
     D:5: 122 daAuts
